 Dungeon Crawl Stone Soup version 0.28-a0-1227-ga9037bb4c8 (webtiles) character file.

Game seed: 9548028608158707881

19 bearlyready the Stinger (level 2, -6/19 HPs)
             Began as a Demonspawn Venom Mage on Dec 23, 2021.
             Mangled by a gnoll (9 damage)
             ... on level 2 of the Dungeon.
             The game lasted 00:01:29 (940 turns).

bearlyready the Stinger (Demonspawn Venom Mage)      Turns: 940, Time: 00:01:30

Health: -6/19      AC:  2    Str:  8    XL:     2   Next: 55%
Magic:  5/5        EV: 12    Int: 16    God:
Gold:   26         SH:  0    Dex: 13    Spells: 4/5 levels left

rFire   . . .      SeeInvis .   c - +2 whip (elec)
rCold   . . .      Faith    .   (no shield)
rNeg    . . .      Spirit   .   a - +0 robe
rPois   .          Reflect  .   (no helmet)
rElec   .          Harm     .   (no cloak)
rCorr   .          Rampage  .   (no gloves)
Will    .....                   (no boots)
Stlth   ++........              (no amulet)
HPRegen 0.06/turn               (no ring)
MPRegen 0.09/turn               (no ring)

@: no status effects
A: spiny 1
a: no special abilities


You were on level 2 of the Dungeon.
You visited 1 branch of the dungeon, and saw 2 of its levels.

You collected 26 gold pieces.

Inventory:

Hand Weapons
 c - a +2 whip of electrocution (weapon)
Armour
 a - a +0 robe (worn)
Jewellery
 f - a ring of wizardry
Scrolls
 d - a scroll of immolation {unknown}
 e - a scroll of identify {unknown}
 h - a scroll of vulnerability {unknown}
 i - a scroll of enchant armour {unknown}
Potions
 b - a potion of heal wounds {unknown}
 g - 2 potions of flight {unknown}


   Skills:
 + Level 1.2 Maces & Flails
 - Level 1.7 Dodging
 - Level 1.7 Stealth
 - Level 2.0 Spellcasting
 - Level 1.1 Transmutations
 + Level 3.4 Poison Magic


You had 4 spell levels left.
You knew the following spells:

 Your Spells              Type           Power      Damage    Failure   Level
a - Sting                 Tmut/Pois      32%        1d4       9%          1

Your spell library contained the following spells:

 Spells                   Type           Power      Damage    Failure   Level
 Poisonous Vapours        Pois/Air       14%        N/A       16%         2
 Mephitic Cloud           Conj/Pois/Air  5%         N/A       36%         3
 Olgreb's Toxic Radiance  Pois           12%        N/A       45%         4


Dungeon Overview and Level Annotations

Branches:
Dungeon (2/15)

Altars:

Shops:
D:1 (


Innate Abilities, Weirdness & Mutations

You are partially covered in sharp spines.


Message History

The jackal is almost dead.
The jackal closely misses you. The jackal barely misses you.
The jackal is struck by your spines. The jackal closely misses you.
The jackal misses you.
You hit the jackal but do no damage.
The jackal is almost dead.
The jackal is struck by your spines. The jackal barely misses you.
The jackal is struck by your spines.
You kill the jackal!
The gnoll is struck by your spines. The gnoll barely misses you.
You hit the jackal but do no damage. Lightning courses through the jackal!!
You kill the jackal!
The gnoll closely misses you.
You barely miss the gnoll.
The gnoll is lightly wounded.
The gnoll hits you with a +0 club.
You hit the gnoll.
The gnoll is moderately wounded.
The gnoll barely misses you.
You barely miss the gnoll.
The gnoll is moderately wounded.
The gnoll barely misses you.
You hit the gnoll.
The gnoll is heavily wounded.
The gnoll hits you with a +0 club.
You are too injured to fight recklessly!
You are too injured to fight recklessly!
You are too injured to fight recklessly!
You are too injured to fight recklessly!
You are too injured to fight recklessly!
You are too injured to fight recklessly!
You are too injured to fight recklessly!
You barely miss the gnoll.
The gnoll is heavily wounded.
The gnoll is struck by your spines. The gnoll hits you with a +0 club.
* * * LOW HITPOINT WARNING * * *
You hit the gnoll but do no damage.
The gnoll is severely wounded.
The gnoll is struck by your spines. The gnoll hits you with a +0 club!
You die...

#..............#...
#..............#...
#..............#...
#..............#...
#..............#...
#####.....###........
#...#.....# #........
#...#P....# #........
#...@.....# #........
#+#g#P....# #........
#[#.....# #########
###.....# ......#
......## ....####
.....


You could see a gnoll.

Vanquished Creatures
  An endoplasm (D:2)
  2 goblins (D:1)
  A hobgoblin (D:1)
  2 jackals (D:2)
  2 quokkas (D:1)
  A ball python (D:1)
  2 bats (D:1)
  3 frilled lizards (D:1)
  4 kobolds
18 creatures vanquished.

Notes
Turn   | Place    | Note
-------+----------+-------------------------------------------
     0 | D:1      | bearlyready the Demonspawn Venom Mage began the quest for
                  | the Orb.
     0 | D:1      | Reached XP level 1. HP: 13/13 MP: 3/3
   110 | D:1      | Reached skill level 1 in Transmutations
   256 | D:1      | Found Oghicu's Antique Weapon Emporium.
   289 | D:1      | Gained mutation: You are partially covered in sharp spines.
                  | [demonic ancestry]
   289 | D:1      | Reached XP level 2. HP: 6/19 MP: 1/5
   608 | D:1      | Reached skill level 1 in Maces & Flails
   940 | D:2      | Mangled by a gnoll

Illustrated notes

Levels and vault maps discovered:
D:1:      ncdulo_smallfort, layout_rooms, serial_shops, shop,
          minmay_misc_feat_encased
D:2:      layout_basic, shapermc_ecumenical_altar_mp_highgroup, serial_shops,
          nicolae_shop_stone, kennysheep_another_room, cheibrodos_gnoll_hut

Skill      XL: |  1  2 |
---------------+-------+-----
Transmutations | 1 |  1.1
Maces & Flails | 1 |  1.2
Dodging        | |  1.7
Stealth        | |  1.7
Spellcasting   | |  2.0
Poison Magic   | |  3.4

Action                   || total
-------------------------++-------
Melee: Whip              ||    48
 Cast: Sting             ||     4
 Stab: Sleeping          ||     1
Armor: Robe              ||    11
Dodge: Dodged            ||    45

Table legend: (Time is in decaauts)
 A = Elapsed time spent in this place.
 B = Non-inter-level travel time spent in this place.
 C = Inter-level travel time spent in this place.
 D = Time resting spent in this place.
 E = Time spent auto-exploring this place.
 F = Levels seen in this place.
 G = Mean time per level.
                   A        B        C        D        E       F      G
               +--------+--------+--------+--------+--------+-----+--------+
         Total |    942 |    933 |      9 |      0 |    787 |   2 |  471.0 |
       Dungeon |    942 |    933 |      9 |      0 |    787 |   2 |  471.0 |
               +--------+--------+--------+--------+--------+-----+--------+

Top non-repeatable levels by time:
     D:1: 754 daAuts
     D:2: 187 daAuts
